 Dungeon Crawl Stone Soup version 0.29-a0-845-g6161e89988 (webtiles) character file.

Game seed: 8746321379912324856

65797 buhh the Transmogrifier (level 14, -7/84 HPs)
             Began as a Felid Transmuter on July 15, 2022.
             Was the Champion of Ru.
             Killed from afar by a deep elf knight (14 damage)
             ... with a shard of ice
             ... on level 2 of the Elven Halls.
             The game lasted 01:37:05 (53918 turns).

buhh the Transmogrifier (Felid Transmuter)         Turns: 53918, Time: 01:37:06

Health: -7/84      AC: 26    Str:  6    XL:     14   Next: 76%
Magic:  16/21      EV: 27    Int: 18    God:    Ru [******]
Gold:   113        SH:  0    Dex: 24    Spells: 2/21 levels left
                                        Lives:  0   Deaths: 3

rFire   + + .      SeeInvis +     - Unarmed
rCold   . . .      Faith    .   (shield unavailable)
rNeg    + + .      Spirit   .   (body armour unavailable)
rPois   ∞          Reflect  .   (helmet unavailable)
rElec   +          Harm     .   (cloak unavailable)
rCorr   +          Rampage  .   (gloves unavailable)
Will    ++++.                   (boots unavailable)
Stlth   ..........              a - macabre finger necklace {rN+}
HPRegen 0.24/turn               J - ring of Etri {Fly rPois Will++ rCorr Dex+6}
MPRegen 0.17/turn               Q - ring of protection from fire
                                H - ring of protection from fire

@: statue-form, flying, unable to drink, very slow
A: slow and powerful, torment resistance 1, boosted hp, very small, claws 1,
fangs 3, see invisible, (speed 1), (shaggy fur 3), inability to drink while
threatened 2, no stealth, hated by all, unskilled 2, stealthy paws, no weapons
or thrown items, no armour, multi-lived
a: End Transformation, Renounce Religion, Draw Out Power, Power Leap, Apocalypse


You were on level 2 of the Elven Halls.
You worshipped Ru.
Ru was exalted by your worship.
You were a living statue of rough stone.
You visited 7 branches of the dungeon, and saw 29 of its levels.
You also visited: Sewer.

You collected 2422 gold pieces.
You spent 2309 gold pieces at shops.

Inventory:

Missiles
 M - 16 poisoned darts
 T - 2 throwing nets
 U - 2 curare-tipped darts
Jewellery
 a - the macabre finger necklace (around neck) {rN+}
   (You bought it in a shop on level 1 of the Elven Halls)

   [amulet of nothing]

   It enables you to equip an extra ring.
   rN:        It protects you from negative energy.
 e - a +6 ring of strength
 i - a ring of poison resistance
 x - the ring of Autotheism {+Blink rPois Int+6}
   (You took it off an orc on level 6 of the Dungeon)

   [ring of intelligence]

   Int:       It affects your intelligence (+6).
   rPois:     It protects you from poison.
   +Blink:    It lets you blink.
 B - a ring of ice
 H - a ring of protection from fire (on amulet)
 I - a ring of flight
 J - the ring of Etri (left paw) {Fly rPois Will++ rCorr Dex+6}
   (You found it on level 1 of the Lair of Beasts)

   [ring of dexterity]

   Dex:       It affects your dexterity (+6).
   rPois:     It protects you from poison.
   Fly:       It grants you flight.
   rCorr:     It protects you from acid and corrosion.
   Will:      It greatly increases your willpower.
 K - an amulet of regeneration
 L - a ring of resist corrosion
 Q - a ring of protection from fire (right paw)
 V - an amulet of reflection
 W - a +4 ring of evasion
Wands
 A - a wand of digging (11)
 C - a wand of iceblast (1)
 E - a wand of flame (39)
 F - a wand of charming (5)
 G - a wand of light (3)
 N - a wand of mindburst (13)
 P - a wand of polymorph (9)
Scrolls
 b - 5 scrolls of blinking {!d}
 c - 21 scrolls of teleportation {!d!d}
 d - 4 scrolls of magic mapping {!d}
 f - 8 scrolls of fog
 g - 2 scrolls of amnesia
 h - 4 scrolls of enchant armour
 j - 2 scrolls of enchant weapon
 k - a scroll of brand weapon
 l - a scroll of immolation {!r}
 m - 2 scrolls of silence {!r}
 O - 2 scrolls of summoning
 S - 3 scrolls of vulnerability
 X - 2 scrolls of noise
Potions
 n - 3 potions of lignification {!d}
 o - 3 potions of mutation {!q!d}
 p - 2 potions of invisibility {!d}
 q - 5 potions of magic {!d}
 r - 4 potions of cancellation {!q!d}
 s - a potion of resistance {!d}
 t - 4 potions of brilliance {!d}
 u - 5 potions of ambrosia {!d}
 v - 8 potions of curing {!d}
 w - 6 potions of heal wounds {!d}
 y - 4 potions of haste {!q}
 z - 2 potions of berserk rage {!q}
 D - 3 potions of attraction
 R - 5 potions of degeneration
 Z - 7 potions of flight
Miscellaneous
 Y - a condenser vane


   Skills:
 * Level 9.8 Fighting
 * Level 10.4 Dodging
 * Level 9.9 Unarmed Combat
 - Level 4.1 Spellcasting
 * Level 14.3 Transmutations
 - Level 3.6 Ice Magic
 - Level 12.0 Earth Magic
 - Level 0.7 Poison Magic
 - Level 4.3 Evocations


You had 2 spell levels left.
You knew the following spells:

 Your Spells              Type           Power      Damage    Failure   Level
a - Beastly Appendage     Tmut           100%       N/A       1%          1
b - Wereblood             Tmut           53%        N/A       1%          2
c - Spider Form           Tmut/Pois      30%        N/A       1%          3
d - Ice Form              Ice/Tmut       36%        N/A       3%          4
e - Ozocubu's Armour      Ice            16%        N/A       10%         3
f - Statue Form           Tmut/Erth      33%        N/A       10%         6

Your spell library contained the following spells:

 Spells                   Type           Power      Damage    Failure   Level
 Ensorcelled Hibernation  Hex/Ice        20%        N/A       11%         2
 Apportation              Tloc           6%         N/A       14%         1
 Shock                    Conj/Air       12%        1d3       14%         1
 Slow                     Hex            12%        N/A       14%         1
 Static Discharge         Conj/Air       3%         3-4/arc   22%         2
 Sublimation of Blood     Necr           3%         N/A       22%         2
 Petrify                  Tmut/Erth      50%        N/A       1%          4
 Stone Arrow              Conj/Erth      50%        3d10      3%          3
 Alistair's Intoxication  Tmut/Pois      20%        N/A       19%         5
 Yara's Violent Unravell  Hex/Tmut       14%        3d7       22%         5
 Confusing Touch          Hex            3%         N/A       41%         3
 Gell's Gravitas          Tloc           3%         N/A       41%         3
 Lesser Beckoning         Tloc           3%         N/A       41%         3
 Teleport Other           Tloc           3%         N/A       41%         3
 Vampiric Draining        Necr           3%         2d6       41%         3
 Anguish                  Hex/Necr       1%         N/A       82%         4
 Dispel Undead            Necr           3%         3d7       82%         4
 Passage of Golubria      Tloc           3%         N/A       82%         4
 Sticky Flame             Conj/Fire      3%         2d3       82%         4
 Metabolic Englaciation   Hex/Ice        5%         N/A       88%         5
 Iron Shot                Conj/Erth      12%        9d3       88%         6
 Fireball                 Conj/Fire      1%         3d3       99%         5
 Iskenderun's Battlesphe  Conj           3%         2d6       99%         5
 Lightning Bolt           Conj/Air       1%         1d12      99%         5
 Silence                  Hex/Air        1%         N/A       99%         5
 Conjure Ball Lightning   Conj/Air       1%         3x3d6     100%        6
 Starburst                Conj/Fire      1%         6d3       100%        6
 Enfeeble                 Hex            1%         N/A       100%        7
 Orb of Destruction       Conj           1%         9d5       100%        7
 Ozocubu's Refrigeration  Ice            8%         4d6       100%        7
 Ignition                 Fire           1%         3d3       100%        8
 Lehudib's Crystal Spear  Conj/Erth      12%        10d4      100%        8
 Animate Armour           Summ/Erth      Unusable   N/A       N/A         4
 Spellforged Servitor     Conj/Summ      Unusable   N/A       N/A         7
 Summon Hydra             Summ           Unusable   N/A       N/A         7

Dungeon Overview and Level Annotations

Branches:
Dungeon (15/15) Zot: 25230  Temple (1/1) D:4 Zot: 5844    Lair (6/6) D:8 Zot: 22176
  Swamp (1/4) Lair:4 Zot: 5863  Spider (2/4) Lair:2 Zot: 16365   Slime (0/5) Lair:6
    Orc (2/2) D:12 Zot: 8167     Elf (2/3) Orc:2 Zot: 9065  Vaults (0/5) D:13
  Sewer (visited)
 Depths: D:15

Altars:
Ashenzari
Cheibriados
Dithmenos
Elyvilon
Gozag
Kikubaaqudgha
Makhleb
Nemelex Xobeh
Okawaru
Qazlal
Ru
Sif Muna
Trog
Uskayaw
Vehumet
Wu Jian
Xom
Zin
The Shining One

Shops:
D:4 =   D:12 (   Orc:2 ((([   Elf:1 *=?:*

Annotations:
D:7 exclusion: downstairs
D:14 3 runed translucent doors, Solauffi's ghost, journeyman DjFE
D:15 1 exclusion
Lair:1 exclusion: 2 downstairs
Lair:2 1 exclusion
Lair:5 exclusions: downstairs and 3 more exclusions
Lair:6 1 exclusion
Spider:2 Arachne


Innate Abilities, Weirdness & Mutations

You are a living statue of rough stone.
Your actions are slow, but your melee attacks are powerful.
You are resistant to unholy torment.
Your maximum health is greatly increased.
You are immune to poison.
You have sharp claws.
You have razor-sharp teeth.
You have supernaturally acute eyesight. (SInv)
((You cover ground quickly. (Speed+)))
((Your thick and shaggy fur keeps you warm. (AC +3, rC+)))
You sometimes lose the ability to drink potions when taking damage.
You cannot be stealthy.
You are hated by all.
You are unskilled. (-2 Apt)
Your paws help you pounce on unaware monsters.
You are incapable of wielding weapons or throwing items.
You cannot wear armour.
You gain extra lives every three experience levels.


Message History

The deep elf knight shouts!
The deep elf knight gestures at you while chanting.
The shard of ice hits you!! You partially resist.
Ouch! That really hurt!
Casting: Statue Form (quite dangerous; 10% risk of failure)
Press: ? - help, Q - select action, (/) - cycle Dir - look around, f - activate You turn into a living statue of rough stone.
The deep elf knight completely misses you.
You claw the deep elf knight!
The deep elf knight is moderately wounded.
The deep elf knight barely misses you.
You closely miss the deep elf knight.
The deep elf knight is moderately wounded.
The deep elf knight begins to cast a spell, but is stunned by your conviction!
You scratch the deep elf knight.
The deep elf knight is heavily wounded.
The deep elf knight begins to cast a spell, but is stunned by your conviction!
You completely miss the deep elf knight.
The deep elf knight is moderately wounded.
The deep elf knight hits you but does no damage.
You scratch the deep elf knight. You claw the deep elf knight!
The deep elf knight is severely wounded.
The deep elf knight closely misses you.
The deep elf knight casts a spell at you.
The shard of ice hits you!
You feel threatened and lose the ability to drink potions!
You scratch the deep elf knight. You bite the deep elf knight.
The deep elf knight is almost dead.
The deep elf knight casts a spell at you.
The shard of ice hits you!!
* * * LOW HITPOINT WARNING * * *
You closely miss the deep elf knight.
The deep elf knight is almost dead.
The deep elf knight casts a spell.
The deep elf knight seems to speed up.
You closely miss the deep elf knight.
The deep elf knight is almost dead.
The deep elf knight casts a spell at you.
The shard of ice hits you!
You die...

##.....##
##.......##
#.........#
#...>.....#
+.........#
#.........#
#.........#
##.......##
##8.)..##
#e##'###
#.# #.# +#
#.# #.# #)#
#.# #.# #.#


You could see a deep elf knight (fast).

Vanquished Creatures
  Asterion (Spider:2)
  An orc warlord (Orc:2)
  A spark wasp (Spider:1)
  Josephine (D:10)
  A rakshasa (D:15)
  7 hydras
  2 boulder beetles
  A catoblepas (D:14)
  6 centaur warriors
  3 two-headed ogres
  2 radroaches (Spider:1)
  2 dancing weapons
  A death scarab (Spider:1)
  A tengu warrior (D:14)
  8 death yaks
  4 deep elf knights
  A sun moth (Spider:1)
  2 skeletal warriors (D:15)
  2 pharaoh ants (Spider:1)
  3 steelbarb worms
  A glowing orange brain (D:15)
  A swamp dragon (Swamp:1)
  3 orb spiders (Spider:1)
  7 deep elf archers
  17 deep elf zephyrmancers
  Pikel (D:7)
  4 orc knights
  14 ugly things
  18 deep elf pyromancers
  2 orc sorcerers
  7 wolf spiders
  A manticore (D:14)
  A cyclops (D:11)
  4 black mambas
  A torpor snail (Spider:2)
  A gargoyle (D:11)
  12 cane toads
  12 komodo dragons
  A rime drake (Lair:3)
  An unseen horror (D:11)
  Psyche (D:8)
  2 tengu conjurers
  A freezing wraith (D:15)
  A merfolk (D:12)
  A polar bear (Lair:3)
  5 trolls
  15 blink frogs
  3 tarantellas (Spider:1)
  14 jumping spiders (Spider:1)
  4 slime creatures
  7 culicivoras
  3 air elementals
  Sigmund (D:3)
  4 shadows
  2 water elementals (Elf:1)
  3 fire elementals (Elf:1)
  3 vampires
  A wyvern (Lair:6)
  5 wraiths
  72 yaks
  8 basilisks
  16 humans (D:13)
  9 redbacks
  A steam dragon (D:8)
  3 wargs
  5 vampire mosquitoes (Lair:4)
  A naga (shapeshifter) (D:15)
  15 water moccasins
  3 hell hounds (Lair:6)
  A swamp drake (Lair:5)
  Duvessa (D:4)
  2 ice beasts
  8 ogres
  36 orc warriors
  A sky beast (D:6)
  8 black bears
  31 wolves
  4 lemures (D:7)
  11 centaurs
  A phantom (D:6)
  Blork the orc (D:4)
  3 kobold brigands
  2 necrophages
  17 bullfrogs
  A gnoll sergeant (D:9)
  A scorpion (D:5)
  10 wights
  Dowan (D:4)
  7 electric eels
  10 howler monkeys
  3 jellies
  A gnoll bouda (D:6)
  6 hounds
  Crazy Yiuf (D:6)
  24 orc priests
  4 iguanas
  19 orc wizards
  Natasha (thrice) (D:4)
  2 hell rats (Lair:4)
  12 gnolls
  9 adders
  8 river rats
  A white imp (D:5)
  3 dart slugs
  96 orcs
  4 ball pythons
  5 endoplasms
  7 giant cockroaches
  6 goblins
  7 hobgoblins
  12 kobolds
  5 quokkas
  5 bats
  3 frilled lizards
  8 rats
779 creatures vanquished.

Vanquished Creatures (others)
  A very ugly thing (D:15)
  A death knight (D:14)
  A deep elf archer (Elf:2)
  A deep elf zephyrmancer (Elf:1)
  2 cyclopes
  3 cane toads
  A komodo dragon (Lair:5)
  A polar bear (Lair:6)
  A troll (D:12)
  A tyrant leech (Swamp:1)
  A slime creature (D:13)
  A jumping spider (Spider:1)
  A wraith (D:10)
  A water elemental (Elf:2)
  A basilisk (Lair:6)
  A yak (Lair:2)
  A steam dragon (Lair:6)
  An ogre (Orc:1)
  2 orcs (Orc:2)
  2 bushes (Lair:6)
  54 fungi
  48 plants
127 creatures vanquished.

Grand Total: 906 creatures vanquished

Notes
Turn   | Place    | Note
-------+----------+-------------------------------------------
     0 | D:1      | buhh the Felid Transmuter began the quest for the Orb.
     0 | D:1      | Reached XP level 1. HP: 9/9 MP: 4/4
   229 | D:1      | Found a faded altar of an unknown god.
   362 | D:1      | Reached XP level 2. HP: 12/12 MP: 4/6
  1274 | D:2      | Reached XP level 3. HP: 16/16 MP: 5/7
  1303 | D:2      | Got Cyarid's Textbook on Conflict
  1488 | D:2      | Found a basalt altar of Yredelemnul.
  2107 | D:3      | Reached XP level 4. HP: 14/19 MP: 6/8
  2127 | D:3      | Noticed Sigmund
  2269 | D:3      | Found a stormy altar of Qazlal.
  2272 | D:3      | Found a basalt altar of Yredelemnul.
  2418 | D:3      | Found a glowing drain.
  2425 | Sewer    | Entered a sewer
  2864 | Sewer    | Noticed a water moccasin
  2928 | Sewer    | Killed a water moccasin
  2929 | Sewer    | Reached XP level 5. HP: 24/24 MP: 9/9
  3320 | D:3      | Reached skill level 5 in Dodging
  3580 | D:3      | Killed Sigmund
  3581 | D:3      | Gained mutation: You are covered in thick fur. (AC +2)
                  | [Felid growth]
  3581 | D:3      | Reached XP level 6. HP: 28/28 MP: 10/10
  3649 | D:3      | Learned a level 2 spell: Wereblood
  3653 | D:3      | Learned a level 3 spell: Spider Form
  3868 | D:4      | Mangled by an ogre
  3868 | D:4      | Noticed Natasha
  3869 | D:4      | Reached XP level 5. HP: -7/25 MP: 7/9
  3869 | D:4      | Killed an ogre
  3870 | D:4      | Reached XP level 6. HP: 28/28 MP: 10/10
  3896 | D:4      | Found a staircase to the Ecumenical Temple.
  3898 | D:4      | Noticed Blork the orc
  4161 | D:4      | Reached skill level 1 in Poison Magic
  4344 | D:4      | Reached skill level 5 in Unarmed Combat
  4532 | D:4      | Found Geuqis's Jewellery Shoppe.
  4536 | D:4      | Identified a scroll of acquirement
  4536 | D:4      | Acquired a ring of poison resistance
  4589 | Temple   | Entered the Ecumenical Temple
  4625 | Temple   | Became a worshipper of Ru the Awakened
  4837 | D:5      | Entered Level 5 of the Dungeon
  4871 | D:5      | Reached skill level 3 in Transmutations
  5479 | D:5      | Reached XP level 7. HP: 33/33 MP: 4/11
  5509 | D:5      | Reached skill level 4 in Transmutations
  6068 | D:5      | Reached skill level 1 in Stealth
  6605 | D:6      | Reached skill level 5 in Transmutations
  6754 | D:4      | Killed Blork the orc
  6755 | D:4      | Reached XP level 8. HP: 20/36 MP: 6/12
  6923 | D:4      | Bought a ring of protection from fire for 300 gold pieces
  6984 | D:4      | Noticed Duvessa
  7076 | D:4      | Noticed Dowan
  7209 | D:4      | Killed Natasha
  7384 | D:4      | Reached skill level 1 in Ice Magic
  7520 | D:4      | Gained mutation: You cannot be stealthy. [Ru sacrifice]
  8010 | D:5      | Reached skill level 5 in Fighting
  9292 | D:6      | Reached skill level 6 in Transmutations
 10325 | D:6      | Identified the ring of Autotheism {+Blink rPois Int+6}
 10624 | D:6      | Learned a level 4 spell: Ice Form
 10681 | D:6      | Reached XP level 9. HP: 40/40 MP: 9/13
 10833 | D:6      | Found a runed translucent door.
 10834 | D:6      | Noticed Crazy Yiuf
 11142 | D:7      | Reached skill level 1 in Evocations
 11478 | D:7      | Reached skill level 7 in Transmutations
 11552 | D:7      | Found a broken altar of Ashenzari.
 11561 | D:7      | Found a shimmering blue altar of Sif Muna.
 11728 | D:7      | Noticed Pikel
 12043 | D:7      | Killed Pikel
 12287 | D:8      | Noticed Psyche
 13588 | D:8      | Reached XP level 10. HP: 43/43 MP: 9/14
 13598 | D:8      | Noticed a centaur warrior
 14706 | D:4      | Killed Duvessa
 14709 | D:4      | Killed Dowan
 14714 | D:4      | Reached skill level 5 in Evocations
 15051 | D:4      | Noticed Natasha
 15062 | D:4      | Killed Natasha
 15275 | D:4      | Noticed Natasha
 15281 | D:4      | Killed Natasha
 15770 | D:8      | Noticed a death yak
 15793 | D:8      | Noticed a death yak
 15799 | D:8      | Noticed a death yak
 15806 | D:8      | Killed Psyche
 16409 | D:9      | Gained mutation: You occasionally lose the ability to drink
                  | potions when taking damage. [Ru sacrifice]
 16409 | D:9      | Gained mutation: You sometimes lose the ability to drink
                  | potions when taking damage. [Ru sacrifice]
 16409 | D:9      | Reached * piety under Ru
 16409 | D:9      | Reached ** piety under Ru
 16781 | D:9      | Found a sparkling altar of Nemelex Xobeh.
 17558 | D:10     | Entered Level 10 of the Dungeon
 17703 | D:10     | Reached skill level 10 in Dodging
 17842 | D:10     | Noticed an orc knight
 17842 | D:10     | Noticed a two-headed ogre
 17842 | D:10     | Noticed a cyclops
 17851 | D:10     | Noticed Josephine
 18106 | D:10     | Reached skill level 8 in Transmutations
 19215 | D:9      | Reached XP level 11. HP: 41/51 MP: 15/15
 19693 | D:8      | Found a staircase to the Lair.
 20001 | D:8      | Killed a death yak
 20077 | D:8      | Killed a death yak
 20078 | D:8      | Reached skill level 9 in Transmutations
 20707 | Lair:1   | Entered Level 1 of the Lair of Beasts
 20829 | Lair:1   | Gained mutation: You are hated by all. [Ru sacrifice]
 20829 | Lair:1   | Reached *** piety under Ru
 21292 | Lair:1   | Reached skill level 10 in Transmutations
 21688 | Lair:1   | Identified the ring of Etri {Fly rPois Will++ rCorr Dex+6}
 22472 | Lair:2   | Found a hole to the Spider Nest.
 23181 | Lair:2   | Reached skill level 11 in Transmutations
 23421 | Lair:2   | Reached skill level 10 in Unarmed Combat
 23425 | Lair:2   | Gained mutation: Your thick and shaggy fur keeps you warm.
                  | (AC +3, rC+) [Felid growth]
 23425 | Lair:2   | Reached XP level 12. HP: 57/57 MP: 8/16
 24433 | Lair:2   | Noticed a four-headed hydra
 24449 | Lair:2   | Killed a four-headed hydra
 24450 | Lair:2   | Reached skill level 12 in Transmutations
 24556 | Lair:2   | Reached skill level 1 in Earth Magic
 24686 | Lair:2   | Gained mutation: You are somewhat unskilled. (-1 Apt) [Ru
                  | sacrifice]
 24686 | Lair:2   | Reduced skill Spellcasting to level 1
 24686 | Lair:2   | Reduced skill Transmutations to level 11
 24686 | Lair:2   | Reached **** piety under Ru
 24686 | Lair:2   | Reached ***** piety under Ru
 25744 | Lair:3   | Identified the +1 leather armour of Starshine {rF+ Will+
                  | Int-2}
 25747 | Lair:3   | Identified the +5 ring mail of Sharp Surprise {Harm rN+}
 26237 | Lair:3   | Reached skill level 10 in Dodging
 26659 | Lair:3   | Noticed a seven-headed hydra
 26664 | Lair:3   | Killed a seven-headed hydra
 27413 | Lair:4   | Reached skill level 10 in Unarmed Combat
 27548 | Lair:4   | Noticed a four-headed hydra
 27561 | Lair:4   | Killed a four-headed hydra
 27880 | Lair:4   | Reached XP level 13. HP: 61/61 MP: 9/17
 27975 | Lair:4   | Gained mutation: You are unskilled. (-2 Apt) [Ru sacrifice]
 27975 | Lair:4   | Reduced skill Spellcasting to level 1
 27975 | Lair:4   | Reduced skill Transmutations to level 10
 27975 | Lair:4   | Reached ****** piety under Ru
 28110 | Lair:4   | Found a staircase to the Swamp.
 28699 | Lair:5   | Reached skill level 11 in Transmutations
 28946 | Lair:4   | Learned a level 3 spell: Ozocubu's Armour
 30385 | Lair:6   | Entered Level 6 of the Lair of Beasts
 31102 | Lair:6   | Reached skill level 5 in Earth Magic
 32306 | Lair:6   | Learned a level 6 spell: Statue Form
 32344 | Lair:6   | Found a staircase to the Slime Pits.
 36219 | D:10     | Killed Josephine
 37371 | D:11     | Reached XP level 14. HP: 64/64 MP: 15/21
 39063 | D:12     | Found Touquer's Weapon Shop.
 39063 | D:12     | Found a staircase to the Orcish Mines.
 39549 | D:13     | Found a gate to the Vaults.
 40012 | D:13     | Identified the +1 leather armour of Ynevisas {Int+4 Stlth+}
 40732 | D:14     | Found a runed translucent gate.
 40733 | D:14     | Found a runed translucent gate.
 40736 | D:14     | Found a runed translucent gate.
 40737 | D:14     | Noticed Solauffi's ghost (journeyman DjFE)
 40997 | D:14     | Reached skill level 12 in Transmutations
 42009 | D:15     | Entered Level 15 of the Dungeon
 43024 | D:15     | Found a hide-covered altar of Uskayaw.
 43458 | D:15     | Reached skill level 10 in Earth Magic
 43783 | D:15     | Noticed a cyan very ugly thing
 43798 | D:15     | Killed a cyan very ugly thing
 43983 | D:15     | Slain by an enormous slime creature
 43984 | D:15     | Reached XP level 13. HP: -2/78 MP: 18/20
 44637 | D:6      | Killed Crazy Yiuf
 45111 | Spider:1 | Entered Level 1 of the Spider Nest
 45120 | Spider:1 | Reached XP level 14. HP: 64/64 MP: 15/21
 45138 | Spider:1 | Reached skill level 13 in Transmutations
 46878 | Spider:2 | Noticed Asterion
 46878 | Spider:2 | Noticed an emperor scorpion
 46878 | Spider:2 | Noticed an emperor scorpion
 46879 | Spider:2 | Killed Asterion
 46882 | Spider:2 | Noticed Arachne
 46913 | Spider:1 | Slain by a culicivora
 46914 | Spider:1 | Reached XP level 13. HP: -2/78 MP: 11/20
 47078 | Swamp:1  | Entered Level 1 of the Swamp
 47352 | Orc:1    | Entered Level 1 of the Orcish Mines
 47817 | Orc:1    | Reached skill level 14 in Transmutations
 48225 | Orc:2    | Entered Level 2 of the Orcish Mines
 48915 | Orc:2    | Found a staircase to the Elven Halls.
 49168 | Orc:2    | Reached XP level 14. HP: 17/57 MP: 11/21
 49591 | Orc:2    | Found Puysyed's Antique Weapon Shop.
 50183 | Orc:2    | Found Dymodeyl's Antique Weapon Shop.
 50185 | Orc:2    | Found Suuc Xic's Antique Armour Boutique.
 50212 | Orc:2    | Noticed an orc warlord
 50223 | Orc:2    | Killed an orc warlord
 50551 | Orc:2    | Found Tachic's Weapon Boutique.
 51351 | Elf:1    | Entered Level 1 of the Elven Halls
 51707 | Elf:1    | Found Jaqyetur's General Store.
 52047 | Elf:1    | Bought a condenser vane for 760 gold pieces
 52047 | Elf:1    | Bought a potion of curing for 57 gold pieces
 52047 | Elf:1    | Bought a potion of magic for 152 gold pieces
 52047 | Elf:1    | Bought a scroll of identify for 38 gold pieces
 52321 | Elf:1    | Identified the +1 robe of Dishonesty {rPois rC++ rN+ Dex-4}
 52381 | Elf:1    | Reached skill level 10 in Dodging
 52597 | Elf:1    | Found Cuwoet's Jewellery Boutique.
 52598 | Elf:1    | Found Byrch's Book Boutique.
 52600 | Elf:1    | Found Jitocol's Magic Scroll Boutique.
 52601 | Elf:1    | Found Tuush's General Store.
 52604 | Elf:1    | Bought the macabre finger necklace {rN+} for 720 gold
                  | pieces
 52604 | Elf:1    | Found the macabre finger necklace {rN+}
 52610 | Elf:1    | Bought a scroll of teleportation for 42 gold pieces
 52614 | Elf:1    | Bought 2 potions of heal wounds for 150 gold pieces
 52614 | Elf:1    | Bought a potion of curing for 45 gold pieces
 52614 | Elf:1    | Bought a potion of curing for 45 gold pieces
 53364 | Elf:2    | Identified the +3 pair of boots of Cirock {Drain rElec
                  | Regen+ Slay+4}
 53918 | Elf:2    | Killed from afar by a deep elf knight

Illustrated notes

Levels and vault maps discovered:
D:1:      psy_arrival_basics, layout_loops_ring,
          hellmonk_ecumenical_altar_heavens_door
D:2:      layout_loops_ring, basic_altar, minmay_misc_feat_room
D:3:      layout_rooms, jmf_multi_god_temple, portal_sewer_entry_e,
          eino_tiny_chamber, chequers_jeans, uniq_sigmund
D:4:      layout_loops_cross, minmay_temple_entry_offerings, serial_shops, shop,
          uniq_natasha, uniq_blork_the_orc, uniq_duvessa
D:5:      layout_loops_ring, minivault_25, kennysheep_decorative_pillar
D:6:      layout_rooms, uniq_crazy_yiuf_cottage
D:7:      layout_rooms, mainiacjoe_overflow_catwalk_spiral, uniq_pikel
D:8:      layout_basic, dpeg_lair_monsters, minmay_shattered_shrine, uniq_psyche
D:9:      layout_irregular_city, mainiacjoe_overflow_catwalk
D:10:     layout_basic, lightli_corner_chamber, uniq_josephine
D:11:     layout_loops_corners
D:12:     layout_stronghold, orc_david_3, hangedman_fish_farm
D:13:     layout_stronghold, david_vaults_3, fedhas_altar_3
D:14:     layout_basic, serial_rivers, chequers_serial_rivers_room_a,
          chequers_serial_rivers_micro_a, chequers_serial_rivers_micro_c,
          chequers_serial_rivers_small_b, chequers_serial_rivers_marsh,
          chequers_serial_rivers_room_a, gammafunk_ghost_necromancy
D:15:     gammafunk_enter_depths_forms, layout_loops_ring, serial_bayou_pond_e,
          dancing_weapons_uskayaw
Temple:   bh_familiar_temple
Lair:1:   layout_big_grid, beast_lair_carwin_3
Lair:2:   cheibrodos_lair_river_kwai, layout_gridlike, dummy_spider_entry,
          beast_lair_carwin_7
Lair:3:   layout_hall_layers, lemuel_fruit_fields, serial_bayou_shore_a
Lair:4:   layout_gridlike, minmay_swamp_entry_swarm, minivault_23,
          kennysheep_rathole, infiniplex_staircase_pool_2, grunt_megastairs_1,
          lemuel_fruit_fields
Lair:5:   layout_gridlike, minivault_11, st_stairs_12, lookout_lair_type,
          nicolae_lair_liquid_snakes, infiniplex_staircase_pool
Lair:6:   cheibrodos_lair_end_hotspot, layout_misc_corridors,
          dpeg_slime_entry_enclosed
Swamp:1:  layout_falls_marsh, evilmike_swamp_ruin_house_3, swamp_pool4,
          hangedman_swamp_diagram
Spider:1: layout_spider_delve, portal_ice_cave_entry_pillars_three
Spider:2: layout_spider_delve, hangedman_spider_tarantella_strand, uniq_arachne,
          uniq_asterion
Orc:1:    layout_diamond_mine, basic_altar, elves_outpost_lemuel
Orc:2:    grunt_orc_community_town_hall, layout_caves,
          grunt_orc_community_big_house_2, grunt_orc_community_big_house_1,
          grunt_orc_community_house_3, grunt_orc_community_house_1,
          grunt_orc_community_house_3, grunt_orc_community_house_1,
          grunt_orc_community_house_1, grunt_orc_community_house_1, basic_altar,
          dreamdust_deal_with_the_devil
Elf:1:    eino_elf_arrival_sip, layout_rooms, serial_shops, shop_fountains,
          minivault_28, st_stairs_6, columned_hall_lemuel,
          minmay_shop_grid_forest
Elf:2:    elven_hall_of_blades_hangedman_original [nicolae_blade_bullseye],
          layout_geoelf_diagonals

Skill      XL: |  1  2  3  4  5  6  7  8  9 10 11 12 13 14 |
---------------+-------------------------------------------+-----
Dodging        | 3 4 5 6 7 8 10 10 9 10 | 10.4
Fighting       | 2 3 4 5 6 7 9 |  9.8
Unarmed Combat | 4 5 6 7 8 10 10 9 |  9.9
Poison Magic   | 1 0 |  0.7
Transmutations | 3 5 6 7 8 11 11 14 13 | 14.3
Stealth        | 2 0 |  0.0
Ice Magic      | 3 4 4 3 |  3.6
Evocations     | 4 5 4 |  4.3
Earth Magic    | 4 12 11 | 12.0
Spellcasting   | 2 4 |  4.1

Action                   |  1- 3 |  4- 6 |  7- 9 | 10-12 | 13-15 || total
-------------------------+-------+-------+-------+-------+-------++-------
Melee: Unarmed           |    94 |    94 |   344 |   784 |  1291 ||  2607
       Headbutt          |    11 |    13 |     1 |       |       ||    25
       Bite              |     9 |     2 |     1 |       |   135 ||   147
       Punch             |     7 |       |     1 |     1 |    69 ||    78
 Cast: Beastly Appendage |    34 |    13 |     3 |       |       ||    50
       Spider Form       |       |     6 |    29 |    30 |     2 ||    67
       Wereblood         |       |     1 |       |    10 |     5 ||    16
       Ice Form          |       |       |    25 |    89 |    64 ||   178
       Statue Form       |       |       |       |       |   136 ||   136
       Ozocubu's Armour  |       |       |       |       |     1 ||     1
Invok: Sacrifice Stealth |       |       |     1 |       |       ||     1
       Sacrifice Drink   |       |       |       |     1 |       ||     1
       Sacrifice Love    |       |       |       |     1 |       ||     1
       Draw Out Power    |       |       |       |     1 |     4 ||     5
       Sacrifice Skill   |       |       |       |     1 |     1 ||     2
       Apocalypse        |       |       |       |       |     8 ||     8
       Power Leap        |       |       |       |       |     5 ||     5
 Abil: End Transformatio |       |       |     1 |     4 |     4 ||     9
       Evoke Blink       |       |       |       |     3 |       ||     3
Evoke: Wand              |       |    10 |     2 |    19 |    16 ||    47
  Use: Scroll            |     3 |     5 |     3 |     5 |    25 ||    41
       Potion            |       |     1 |     4 |     3 |       ||     8
 Stab: Sleeping          |     3 |     1 |       |       |       ||     4
       Distracted        |       |       |       |     4 |     7 ||    11
       Invisible         |       |       |       |     4 |    17 ||    21
       Paralysed         |       |       |       |       |     9 ||     9
Armor: Skin              |     4 |     4 |    44 |    79 |   317 ||   448
Dodge: Dodged            |    62 |    51 |   189 |   505 |  1267 ||  2074
Block: Other             |       |     9 |    71 |   143 |   280 ||   503
       Reflection        |       |       |     6 |     4 |    13 ||    23

Table legend: (Time is in decaauts)
 A = Elapsed time spent in this place.
 B = Non-inter-level travel time spent in this place.
 C = Inter-level travel time spent in this place.
 D = Time resting spent in this place.
 E = Time spent auto-exploring this place.
 F = Levels seen in this place.
 G = Mean time per level.
                   A        B        C        D        E       F      G
               +--------+--------+--------+--------+--------+-----+--------+
         Total |  53335 |  50567 |   2768 |  20442 |  20489 |  30 | 1777.8 |
       Dungeon |  30167 |  28290 |   1877 |  12502 |  10144 |  15 | 2011.1 |
        Temple |    155 |    129 |     26 |      0 |    124 |   1 |  155.0 |
          Lair |  13823 |  13270 |    553 |   4831 |   6213 |   6 | 2303.8 |
         Swamp |    136 |    136 |      0 |      0 |     87 |   1 |  136.0 |
   Spider Nest |   1634 |   1577 |     57 |    322 |    830 |   2 |  817.0 |
  Orcish Mines |   3832 |   3598 |    234 |    892 |   2011 |   2 | 1916.0 |
   Elven Halls |   2933 |   2914 |     19 |   1380 |   1077 |   2 | 1466.5 |
         Sewer |    653 |    653 |      0 |    514 |      0 |   1 |  653.0 |
               +--------+--------+--------+--------+--------+-----+--------+

Top non-repeatable levels by time:
     D:7: 3665 daAuts
     D:5: 3561 daAuts
  Lair:5: 3030 daAuts
     D:9: 2989 daAuts
  Lair:2: 2930 daAuts
  Lair:6: 2585 daAuts
   Orc:2: 2569 daAuts
     D:4: 2543 daAuts
   Elf:1: 2410 daAuts
  Lair:1: 2233 daAuts
    D:12: 2195 daAuts
    D:10: 2146 daAuts
     D:8: 2039 daAuts
    D:14: 1958 daAuts
    D:15: 1938 daAuts
